 Dungeon Crawl Stone Soup version 0.27-a0-941-g386ccf399c (webtiles) character file.

Game seed: 2876628495979016498

10381 Hastur the Basher (level 11, -1/84 HPs)
             Began as a Palentonga Artificer on Apr 11, 2021.
             Was a Priest of Qazlal.
             Slain by a vampire mosquito (6 damage)
             ... on level 12 of the Dungeon.
             The game lasted 00:45:22 (20129 turns).

Hastur the Basher (Palentonga Artificer)           Turns: 20129, Time: 00:45:22

Health: -1/84      AC: 13    Str: 18    XL:     11   Next: 35%
Magic:  14/14      EV:  7    Int: 12    God:    Qazlal [***...]
Gold:   585        SH: 20    Dex: 11    Spells: 10/10 levels left

rFire    . . .     SeeInvis +   b - +0 flail (venom)
rCold    . . .     Faith    .   x - +0 tower shield
rNeg     . . .     Spirit   .   r - +1 leather armour {rPois}
rPois    +         Reflect  .   n - +0 helmet
rElec    .         Harm     .   (no cloak)
rCorr    .         Rampage  .   (no gloves)
Will     .....                  (no barding)
Stlth    +.........             (no amulet)
HPRegen  0.24/turn              (no ring)
MPRegen  0.14/turn              (no ring)

@: curled up
A: large, rugged brown scales 3, see invisible, deformed body, roll 1, armoured
tail, reflexive curl
a: Rolling Charge, Renounce Religion, Upheaval, Elemental Force


You were on level 12 of the Dungeon.
You worshipped Qazlal.
Qazlal was most pleased with you.
You visited 2 branches of the dungeon, and saw 13 of its levels.

You collected 585 gold pieces.

Inventory:

Hand Weapons
 a - a +0 morningstar of flaming
   (You took it off Maggie on level 6 of the Dungeon)
 b - a +0 flail of venom (weapon)
   (You took it off an orc warrior on level 10 of the Dungeon)
 j - a +0 mace
   (You found it on level 1 of the Dungeon)
 N - a +2 dagger of electrocution
   (You took it off a kobold on level 10 of the Dungeon)
Missiles
 u - 283 stones
 w - 54 poisoned darts (quivered)
 J - a throwing net {!f}
 O - 6 curare-tipped darts {!f}
Armour
 g - a +0 ring mail
   (You found it on level 1 of the Dungeon)
 n - a +0 helmet (worn)
   (You took it off Robin on level 2 of the Dungeon)
 r - a +1 leather armour of poison resistance (worn)
   (You took it off an orc on level 3 of the Dungeon)
 x - a +0 tower shield (worn)
   (You found it on level 4 of the Dungeon)
 y - a +0 plate armour
   (You found it on level 5 of the Dungeon)
 D - +0 steam dragon scales
   (You took it off Maggie on level 6 of the Dungeon)
 L - +0 acid dragon scales
   (You found it on level 9 of the Dungeon)
 P - a +0 leather armour
Jewellery
 z - a ring of see invisible
   (You found it on level 8 of the Dungeon)
 M - a +6 ring of intelligence
   (You found it on level 10 of the Dungeon)
Wands
 d - a wand of charming (7)
 m - a wand of random effects (15)
 t - a wand of flame (11)
Scrolls
 c - 3 scrolls of magic mapping
 f - a scroll of enchant weapon {unknown}
 h - 2 scrolls of immolation {unknown}
 i - 2 scrolls of amnesia
 o - a scroll of brand weapon
 s - a scroll of fog {unknown}
 E - a scroll of torment {!r}
 F - 2 scrolls of identify {@r1}
 H - 2 scrolls of fear {unknown}
 I - 4 scrolls of teleportation {unknown}
 K - a scroll of noise {unknown}
Potions
 e - 5 potions of degeneration {!q}
 k - 2 potions of resistance
 l - 4 potions of attraction {!q}
 p - a potion of lignification {!q}
 q - 2 potions of flight
 v - 6 potions of curing {@q1}
 A - a potion of might
 B - 2 potions of brilliance
 C - 4 potions of haste {@q3}
 G - a potion of heal wounds {@q2}


   Skills:
 - Level 5.0 Fighting
 + Level 11.9 Maces & Flails
 - Level 1.5 Armour
 - Level 0.7 Dodging
 - Level 0.5 Stealth
 + Level 9.5 Shields
 - Level 5.0 Invocations
 - Level 2.6 Evocations


You had 10 spell levels left.
You didn't know any spells.
Your spell library contained the following spells:

 Spells                   Type           Power      Damage    Failure   Level
 Animate Skeleton         Necr           0%         N/A       77%         1
 Corona                   Hex            0%         N/A       77%         1
 Magic Dart               Conj           0%         1d3       77%         1
 Pain                     Necr           0%         1d4       77%         1
 Ensorcelled Hibernation  Hex/Ice        0%         N/A       88%         2
 Searing Ray              Conj           0%         3d3       88%         2
 Confusing Touch          Hex            0%         N/A       98%         3
 Dazzling Flash           Conj/Hex       0%         N/A       98%         3
 Tukima's Dance           Hex            0%         N/A       98%         3
 Vampiric Draining        Necr           0%         2d6       98%         3
 Animate Dead             Necr           0%         N/A       100%        4
 Fulminant Prism          Conj/Hex       0%         3d6       100%        4
 Iskenderun's Mystic Bla  Conj/Tloc      0%         2d3       100%        4
 Agony                    Necr           0%         N/A       100%        5
 Borgnjor's Vile Clutch   Necr/Erth      0%         N/A       100%        5
 Death Channel            Necr           0%         N/A       100%        6
 Simulacrum               Ice/Necr       0%         N/A       100%        6


Dungeon Overview and Level Annotations

Branches:
Dungeon (11/15)            Temple (1/1) D:4            Lair (0/6) D:9
    Orc (0/2) D:12

Altars:
Ashenzari
Cheibriados
Dithmenos
Elyvilon
Fedhas
Gozag
Hepliaklqana
Kikubaaqudgha
Makhleb
Nemelex Xobeh
Okawaru
Qazlal
Ru
Sif Muna
Trog
Uskayaw
Vehumet
Wu Jian
Xom
Yredelemnul
Zin
The Shining One

Shops:
D:6 =   D:9 *


Innate Abilities, Weirdness & Mutations

You are completely covered in rugged brown scales. (AC +3, +7% HP)
You have supernaturally acute eyesight. (SInv)
Armour fits poorly on your strangely shaped body.
You can roll at nearby foes to attack.
You have a long armoured tail.
You curl defensively after being hit.


Message History

The vampire mosquito bites you.
* * * LOW HITPOINT WARNING * * *
The vampire mosquito draws strength from your injuries!
You block the vampire mosquito's attack. x2
A deep elf pyromancer comes into view. It is wielding a +0 short sword.
The deep elf pyromancer gestures wildly while chanting.
The vampire mosquito closely misses you.
You block the vampire mosquito's attack.
The vampire mosquito bites you.
* * * LOW HITPOINT WARNING * * *
The vampire mosquito draws strength from your injuries!
The centaur warrior wields a +0 shortbow.
The centaur warrior shoots an arrow.
You block the arrow.
Okay, then.
You feel much better. The vampire mosquito bites you!
* * * LOW HITPOINT WARNING * * *
The vampire mosquito draws strength from your injuries!
You block the vampire mosquito's attack.
The vampire mosquito barely misses you.
You block the vampire mosquito's attack.
The deep elf pyromancer mumbles some strange words.
The deep elf pyromancer blinks!
You block the vampire mosquito's attack.
The vampire mosquito bites you.
* * * LOW HITPOINT WARNING * * *
The vampire mosquito draws strength from your injuries!
The centaur warrior unwields a +0 shortbow.
You block the centaur warrior's attack. The centaur warrior kicks you.
* * * LOW HITPOINT WARNING * * *
As you read the scroll labelled SOINUWANET, it crumbles to dust.
Your body is wracked with pain!
* * * LOW HITPOINT WARNING * * *
The centaur warrior convulses!
The cyclops convulses!
It was a scroll of torment.
You block the vampire mosquito's attack.
The vampire mosquito is engulfed in freezing vapours.
The vampire mosquito closely misses you.
The centaur warrior barely misses you. x2; The vampire mosquito bites you.
* * * LOW HITPOINT WARNING * * *
The vampire mosquito draws strength from your injuries!
The vampire mosquito is engulfed in freezing vapours.
The vampire mosquito bites you but does no damage.
Unknown command.
Roll where?
Aim: a fire elemental (summoned)
You roll forward with a clatter of scales!
You closely miss the fire elemental. You tail-slap the fire elemental!
The vampire mosquito is engulfed in freezing vapours.
The vampire mosquito bites you.
You die...

*****#......#*****,,*,,,,,,,,
#......#,,,,*,,*,,,,,,,,
#......#,,,,*,,***,,,,,,
*......#,,,,*,,,,*,,,,,,
**#!...#,,,,*,,,,*,,,,,,
#....+,,,,*,,,,*,,,,,,
#....#,,,,*<,,,*,,,,,,
#.zc○######..,,*,,,,,,
#...y@EE....e,,*,,,,,,
#.z.y....○...,,*,,,,,,
#######.##+######°.,,*,,,,,,
#.....zC#,,,,,,,*,,,,*,,,,,,
#.......#,,,,,,,*,,,,*,,,,,,
#.......#,,,,,,**,,,,*,,,,,,
#......C#,,,,,,*,,,,,***+**+
#######z#,,,,,,*,,,,,,,,,,,,
#.#*******,,,,,*****,,


You could see 3 skeletal warriors, a centaur warrior, a deep elf pyromancer, 2
fire elementals and 2 vampire mosquitoes.

Vanquished Creatures
  A deep elf pyromancer (D:8)
  A moth of wrath (D:5)
  4 elephants (D:8)
  An unseen horror (D:6)
  Maggie (D:6)
  A kobold demonologist (D:10)
  A hornet (D:10)
  2 wraiths (D:10)
  A wyvern (D:9)
  A yak (D:6)
  A steam dragon (D:7)
  Grum (D:11)
  3 vampire mosquitoes (D:10)
  2 wargs (D:9)
  2 acid dragons (D:9)
  2 water moccasins
  5 orc warriors
  4 sky beasts
  3 black bears (D:6)
  A hornet zombie (D:8)
  2 wolves (D:11)
  A necrophage (D:7)
  3 ogres
  3 centaurs
  3 phantoms
  2 kobold brigands (D:10)
  A gnoll sergeant (D:6)
  6 killer bees (D:8)
  13 wights
  4 howler monkeys
  4 hounds
  3 centaur zombies
  A centaur skeleton (D:7)
  5 orc priests
  4 iguanas
  2 jellies
  A bullfrog skeleton (D:6)
  4 gnoll shamans
  Jessica (D:2)
  11 orc wizards
  A killer bee zombie (D:7)
  Robin (D:2)
  A howler monkey zombie (D:9)
  27 gnolls
  6 adders
  A shadow imp (D:6)
  A white imp (D:5)
  An adder skeleton (D:4)
  2 worms
  A dart slug (D:4)
  26 orcs
  7 endoplasms
  6 giant cockroaches
  12 goblins
  4 hobgoblins
  A jackal (D:6)
  4 quokkas
  7 ball pythons
  3 bats
  5 frilled lizards
  8 kobolds
  9 rats
246 creatures vanquished.

Vanquished Creatures (collateral kills)
  An orc (D:8)
  3 goblins (D:2)
  A hobgoblin (D:2)
5 creatures vanquished.

Vanquished Creatures (others)
  An orc (D:3)
  82 plants (D:8)
83 creatures vanquished.

Grand Total: 334 creatures vanquished

Notes
Turn   | Place    | Note
-------+----------+-------------------------------------------
     0 | D:1      | Hastur the Palentonga Artificer began the quest for the
                  | Orb.
     0 | D:1      | Reached XP level 1. HP: 16/16 MP: 1/1
    11 | D:1      | Found a faded altar of an unknown god.
    24 | D:1      | Became a worshipper of Qazlal Stormbringer
    24 | D:1      | Reached * piety under Qazlal
   379 | D:1      | Reached skill level 1 in Invocations
   476 | D:1      | Reached XP level 2. HP: 22/22 MP: 2/2
  1276 | D:1      | Reached XP level 3. HP: 23/28 MP: 4/4
  1512 | D:2      | Noticed Robin
  2058 | D:2      | Reached ** piety under Qazlal
  2194 | D:2      | Killed Robin
  2195 | D:2      | Reached XP level 4. HP: 23/36 MP: 4/6
  2462 | D:2      | You fall into a shaft and drop 1 floor!
  2759 | D:2      | Noticed Jessica
  2776 | D:2      | Killed Jessica
  3041 | D:3      | Found an ancient bone altar of Kikubaaqudgha.
  3041 | D:3      | Found a glowing silver altar of Zin.
  3041 | D:3      | Found a radiant altar of Vehumet.
  3055 | D:3      | Found a glowing golden altar of the Shining One.
  3337 | D:3      | Reached XP level 5. HP: 32/43 MP: 7/7
  4318 | D:3      | Noticed a sky beast
  4464 | D:3      | Killed a sky beast
  4465 | D:3      | Reached skill level 1 in Maces & Flails
  4465 | D:3      | Reached XP level 6. HP: 28/51 MP: 7/9
  4926 | D:4      | Found a staircase to the Ecumenical Temple.
  4935 | Temple   | Entered the Ecumenical Temple
  5612 | D:3      | Reached skill level 2 in Maces & Flails
  6101 | D:4      | You fall into a shaft and drop 3 floors!
  6114 | D:7      | Gained mutation: You curl defensively after being hit.
                  | [Palentonga growth]
  6114 | D:7      | Reached XP level 7. HP: 32/58 MP: 10/10
  6261 | D:5      | Entered Level 5 of the Dungeon
  6292 | D:5      | Reached skill level 3 in Maces & Flails
  6292 | D:5      | Reached skill level 5 in Invocations
  6513 | D:5      | Reached skill level 5 in Fighting
  6513 | D:5      | Reached skill level 4 in Maces & Flails
  7338 | D:4      | Reached skill level 1 in Shields
  8421 | D:5      | Found a hide-covered altar of Uskayaw.
  8623 | D:5      | Reached skill level 5 in Maces & Flails
  8769 | D:5      | Noticed a moth of wrath
  8772 | D:5      | Found a bloodstained altar of Trog.
  8881 | D:5      | Killed a moth of wrath
  8882 | D:5      | Reached XP level 8. HP: 66/66 MP: 0/11
  8995 | D:6      | Reached skill level 6 in Maces & Flails
  9012 | D:6      | Noticed Maggie
  9958 | D:6      | Reached skill level 7 in Maces & Flails
  9967 | D:6      | Noticed an unseen horror
 10002 | D:6      | HP: 3/66 [unseen horror (6)]
 10265 | D:6      | Killed an unseen horror
 10266 | D:6      | Reached skill level 5 in Shields
 10266 | D:6      | Reached XP level 9. HP: 35/72 MP: 12/12
 10839 | D:6      | Reached skill level 8 in Maces & Flails
 11685 | D:6      | Found Wudwebb's Jewellery Shoppe.
 11705 | D:6      | Killed Maggie
 12736 | D:7      | Reached skill level 9 in Maces & Flails
 13626 | D:7      | Reached XP level 10. HP: 75/75 MP: 13/13
 14489 | D:8      | Noticed an elephant
 14503 | D:8      | Killed an elephant
 15013 | D:8      | Noticed a deep elf pyromancer
 15019 | D:8      | Killed a deep elf pyromancer
 15020 | D:8      | Reached skill level 10 in Maces & Flails
 15075 | D:8      | Noticed an elephant
 15097 | D:8      | Killed an elephant
 15221 | D:8      | Noticed an elephant
 15235 | D:8      | Killed an elephant
 15359 | D:8      | Found a glowing golden altar of the Shining One.
 15633 | D:8      | Noticed an elephant
 15653 | D:8      | Killed an elephant
 16576 | D:9      | Reached *** piety under Qazlal
 16633 | D:9      | Found Gaxu's Assorted Antiques.
 16649 | D:9      | Reached skill level 11 in Maces & Flails
 16988 | D:9      | Found a staircase to the Lair.
 17662 | D:9      | Reached XP level 11. HP: 84/84 MP: 14/14
 17986 | D:10     | Entered Level 10 of the Dungeon
 19787 | D:11     | Noticed Grum
 19808 | D:11     | Killed Grum
 20108 | D:11     | You fall into a shaft and drop 1 floor!
 20111 | D:12     | Noticed a centaur warrior
 20114 | D:12     | Noticed a skeletal warrior
 20118 | D:12     | Noticed a skeletal warrior
 20118 | D:12     | Noticed a skeletal warrior
 20123 | D:12     | Noticed a deep elf pyromancer
 20129 | D:12     | Slain by a vampire mosquito

Illustrated notes

Levels and vault maps discovered:
D:1:      matt_arrival_diagonals, layout_loops_ring,
          hellmonk_ecumenical_altar_pennies_from_heaven,
          chequers_serial_rivers_room_a, nrook_campfire
D:2:      layout_loops_ring, uniq_robin, uniq_jessica
D:3:      layout_loops_corners, nicolae_overflow_quartered_altars
D:4:      layout_loops_corners, minmay_temple_entry_hall,
          minmay_misc_feat_alley, minmay_fountain_box
D:5:      layout_cave_pools, tgw_trog, nicolae_uskayaw_suspiria,
          corexii_corridor_pit
D:6:      layout_cave_pools, serial_gnoll_camp, gnoll_camp_mini_hut,
          gnoll_camp_mini_shop, gnoll_camp_mini_house, gnoll_camp_mini_basic,
          chequers_garden, hangedman_minor_gate_pass, uniq_maggie
D:7:      layout_cave_pods
D:8:      wad_woods_stonehenge, layout_basic, chequers_arboretum,
          chequers_serial_rivers_marsh, grunt_decor_mini_mirrors
D:9:      layout_roguey, erik_lair_orcish_takeover, serial_shops,
          nicolae_shop_behind_doors
D:10:     layout_basic, minivault_25, blue_anna_alchemist
          [blue_anna_fruit_fields, blue_anna_fruit_fields]
D:11:     layout_loops_ring, serial_shops, bzr_entry_gold,
          kennysheep_cross_room, uniq_grum
D:12:     layout_irregular_city, orc_david_3,
          nicolae_dithmenos_through_a_glass_darkly, uniq_maurice
Temple:   regret_index_temple_sphere_string

Skill      XL: |  1  2  3  4  5  6  7  8  9 10 11 |
---------------+----------------------------------+-----
Invocations    | 1 2 3 4 5 |  5.0
Fighting       | 2 3 4 5 |  5.0
Maces & Flails | 1 2 5 7 9 11 | 11.9
Shields        | 3 5 6 8 9 |  9.5
Armour         | |  1.5
Dodging        | |  0.7
Stealth        | |  0.5
Evocations     | |  2.6

Action                   |  1- 3 |  4- 6 |  7- 9 | 10-12 || total
-------------------------+-------+-------+-------+-------++-------
Melee: Club              |    73 |       |       |       ||    73
       Tailslap          |    16 |    19 |    58 |    57 ||   150
       Mace              |    48 |   146 |   323 |       ||   517
       Morningstar       |       |       |   103 |   360 ||   463
       Flail             |       |       |       |    45 ||    45
Throw: Dart              |       |     2 |    10 |     8 ||    20
Invok: Upheaval          |       |       |     5 |     5 ||    10
 Abil: Rolling Charge    |     3 |     4 |    12 |     1 ||    20
Evoke: Wand              |     4 |    11 |     1 |     2 ||    18
  Use: Scroll            |       |     7 |     5 |     2 ||    14
       Potion            |       |       |     2 |     1 ||     3
Armor: Leather armour    |    18 |    29 |   138 |    79 ||   264
       Ring mail         |    44 |    22 |       |       ||    66
Dodge: Dodged            |    62 |    79 |    81 |    84 ||   306
Block: Other             |     2 |     6 |       |       ||     8
       Tower shield      |       |    19 |   433 |   459 ||   911

Table legend: (Time is in decaauts)
 A = Elapsed time spent in this place.
 B = Non-inter-level travel time spent in this place.
 C = Inter-level travel time spent in this place.
 D = Time resting spent in this place.
 E = Time spent auto-exploring this place.
 F = Levels seen in this place.
 G = Mean time per level.
                   A        B        C        D        E       F      G
               +--------+--------+--------+--------+--------+-----+--------+
         Total |  20546 |  19871 |    675 |   8467 |   6548 |  13 | 1580.5 |
       Dungeon |  20362 |  19714 |    648 |   8467 |   6393 |  12 | 1696.8 |
        Temple |    183 |    156 |     27 |      0 |    155 |   1 |  183.0 |
               +--------+--------+--------+--------+--------+-----+--------+

Top non-repeatable levels by time:
     D:6: 2791 daAuts
     D:5: 2509 daAuts
     D:8: 2151 daAuts
     D:4: 2130 daAuts
     D:3: 2127 daAuts
     D:1: 1967 daAuts
     D:7: 1859 daAuts
    D:10: 1813 daAuts
     D:9: 1380 daAuts
     D:2: 1275 daAuts
    D:11: 336 daAuts
  Temple: 183 daAuts
    D:12: 20 daAuts
